 Dungeon Crawl Stone Soup version 0.16-a0-1276-g18860b1 (webtiles) character file.

312 JacquesDerrida the Insei (level 6, 0/47 HPs)
             Began as a Draconian Transmuter on Oct 14, 2014.
             Was an Initiate of Qazlal.
             Slain by a gnoll shaman
             ... wielding a +2 scimitar of holy wrath
              (9 damage)
             ... on level 5 of the Dungeon.
             The game lasted 00:10:18 (2548 turns).

JacquesDerrida the Insei (Draconian Transmuter)     Turns: 2548, Time: 00:10:18

Health: 0/47       AC:  7    Str: 12    XL:     6   Next: 18%
Magic:  3/10       EV: 12    Int: 14    God:    Qazlal [......]
Gold:   237        SH:  0    Dex: 13    Spells: 2 memorised, 5 levels left

rFire  . . .     SeeInvis .       - Unarmed
rCold  . . .     Clarity  .     (armour unavailable)
rNeg   . . .     SustAb   .     (no shield)
rPois  .         Gourm    .     (helmet restricted)
rElec  .         Spirit   .     m - +0 cloak
rCorr  .         Warding  .     (no gloves)
rMut   .         Stasis   .     (no boots)
MR     .....                    (no amulet)
Stlth  +.........               (no ring)
                                (no ring)

@: very slightly contaminated, invisible, not resistant to hostile enchantments,
very unstealthy
A: unfitting armour, cold-blooded, AC +6
a: Renounce Religion


You were on level 5 of the Dungeon.
You worshipped Qazlal.
Qazlal was noncommittal.
You were not hungry.

You visited 1 branch of the dungeon, and saw 5 of its levels.

You collected 237 gold pieces.

Inventory:

Missiles
 b - 69 arrows
 h - 15 arrows of dispersal
Armour
 m - a +0 cloak (worn)
Magical devices
 q - a wand of slowing (19)
 x - a wand of confusion (28)
Scrolls
 c - 2 scrolls of amnesia {unknown}
 f - 2 scrolls of random uselessness {unknown}
 g - 2 scrolls of recharging {unknown}
 i - a scroll of blinking {unknown}
 l - 2 scrolls of enchant weapon {unknown}
 n - a scroll of teleportation {unknown}
 o - a scroll of fear {unknown}
 p - 4 scrolls of identify {unknown}
 t - a scroll of remove curse {unknown}
 u - a scroll of magic mapping {unknown}
 v - a scroll of noise {unknown}
Potions
 k - a potion of cancellation {unknown}
 r - a potion of invisibility
 s - 2 potions of magic {unknown}
 w - a potion of might {unknown}
Books
 d - a book of Changes

   Spells                             Type                      Level
   *Beastly Appendage                 Transmutation                1
   Sticks to Snakes                   Transmutation                2
   *Spider Form                       Transmutation/Poison         3
   Ice Form                           Ice/Transmutation            4
   Blade Hands                        Transmutation                5
Comestibles
 a - a bread ration
 j - 2 meat rations


   Skills:
 - Level 1.1 Fighting
 - Level 1.7 Dodging
 * Level 6.8 Unarmed Combat
 - Level 2.0 Spellcasting
 + Level 2.6 Transmutations


You had 5 spell levels left.
You knew the following spells:

 Your Spells              Type           Power        Failure   Level  Hunger
a - Beastly Appendage     Trmt           #.....       10%         1    ##.....
b - Spider Form           Trmt/Pois      #.........   47%         3    ####...


Dungeon Overview and Level Annotations

Branches:
Dungeon (5/15)             Temple (0/1) D:4

Altars:
Fedhas
Makhleb
Nemelex Xobeh
Qazlal
Trog
Yredelemnul
The Shining One

Shops:
D:5 (


Innate Abilities, Weirdness & Mutations

Your plain brown scales are hard (AC +6).
Your body does not fit into most forms of armour.
Your cold-blooded metabolism reacts poorly to cold.


Message History

Casting: Spider Form
Confirm with . or Enter, or press ? or * to list all spells.
You don't have enough magic to cast that spell.
You hit the gnoll shaman. You tail-slap the gnoll shaman.
The gnoll shaman is moderately wounded.
The gnoll shaman hits you with a glowing scimitar!
* * * LOW HITPOINT WARNING * * *
You catch the helpless gnoll shaman completely off-guard!
You hit the gnoll shaman.
Your tail-slap misses the gnoll shaman.
The gnoll shaman is heavily wounded.
You catch the helpless gnoll shaman completely off-guard!
You hit the gnoll shaman but do no damage.
Your tail-slap misses the gnoll shaman.
The gnoll shaman is heavily wounded.
The gnoll shaman hits you with a glowing scimitar.
* * * LOW HITPOINT WARNING * * *
You barely miss the gnoll shaman.
The gnoll shaman is heavily wounded.
The gnoll shaman hits you with a glowing scimitar!
You die...

#.................#
###.####.................#
.........................#
.##.####.................########
. #.......................... #.
#.......................... #.#
#.####.#.g########.....##.. . #.#
#)# #.##g########.....##.. .##.#
#.# #.##.@.......#######..
....###.####.....................
........(..#.###...####.##......#
.............####..# #.##.####.#
...................####.##.####.#
................................>
###.#.#.##..###.#....##[##..#.#.#
............# #.##...##.##..#.#)#
....#.#.##..###.##...##.##..#.###


You could see a gnoll shaman and a gnoll.

Vanquished Creatures
  An ice beast (D:5)
  A crimson imp (D:5)
  A worker ant (D:5)
  3 gnolls (D:5)
  2 adders
  A scorpion zombie (D:5)
  2 shadow imps (D:5)
  2 giant mites
  3 worms (D:2)
  A giant gecko (D:4)
  An ooze (D:1)
  3 orcs (D:5)
  5 giant cockroaches
  7 goblins
  5 hobgoblins
  10 kobolds
  6 bats
  3 giant newts
  10 rats
67 creatures vanquished.

Vanquished Creatures (others)
  A wizard (D:4)
1 creature vanquished.

Grand Total: 68 creatures vanquished

Notes
Turn   | Place    | Note
--------------------------------------------------------------
     0 | D:1      | JacquesDerrida, the Draconian Transmuter, began the quest for the Orb.
     0 | D:1      | Reached XP level 1. HP: 16/16 MP: 3/3
   129 | D:1      | Reached XP level 2. HP: 14/23 MP: 4/4
   246 | D:1      | Reached skill level 4 in Unarmed Combat
   381 | D:1      | Reached XP level 3. HP: 21/28 MP: 6/6
   973 | D:2      | Reached skill level 5 in Unarmed Combat
   973 | D:2      | Reached XP level 4. HP: 22/35 MP: 7/7
  1016 | D:2      | Found a glowing golden altar of the Shining One.
  1017 | D:2      | Noticed an angel
  1031 | D:2      | Found a basalt altar of Yredelemnul.
  1032 | D:2      | Noticed a profane servitor
  1273 | D:3      | Found a sparkling altar of Nemelex Xobeh.
  1410 | D:3      | Found a stormy altar of Qazlal.
  1414 | D:3      | Found a blossoming altar of Fedhas.
  1538 | D:3      | Became a worshipper of Qazlal Stormbringer
  1568 | D:4      | Found a bloodstained altar of Trog.
  1582 | D:4      | Noticed a wizard
  1585 | D:4      | Killed a wizard
  1723 | D:4      | Found a staircase to the Ecumenical Temple.
  1741 | D:4      | Noticed a phantom
  1781 | D:5      | Entered Level 5 of the Dungeon
  1795 | D:5      | Found a burning altar of Makhleb.
  1853 | D:5      | Noticed an ice beast
  1896 | D:5      | Killed an ice beast
  1896 | D:5      | Reached skill level 6 in Unarmed Combat
  1896 | D:5      | Reached XP level 5. HP: 19/40 MP: 9/9
  1975 | D:5      | Learned a level 3 spell: Spider Form
  2101 | D:5      | Found Klevaem's Weapon Shoppe.
  2251 | D:5      | Reached XP level 6. HP: 12/47 MP: 4/10
  2548 | D:5      | Slain by a gnoll shaman

Action                   |  1- 3 |  4- 6 || total
-------------------------+-------+-------++-------
Melee: Unarmed           |   153 |   140 ||   293
 Cast: Beastly Appendage |     4 |     6 ||    10
       Spider Form       |       |     2 ||     2
Evoke: Wand              |     3 |     1 ||     4
  Use: Potion            |     1 |     4 ||     5
 Stab: Invisible         |       |     7 ||     7
  Eat: Chunk             |       |     3 ||     3
       Beef jerky        |       |     1 ||     1
       Bread ration      |       |     1 ||     1
